 Dungeon Crawl Stone Soup version 0.28.0 (webtiles) character file.

Game seed: 14550266589092566062

497 issech the Cudgeller (level 6, 0/61 HPs)
             Began as a Troll Monk on Feb 19, 2022.
             Slain by a black bear (6 damage)
             ... on level 3 of the Dungeon.
             The game lasted 00:08:59 (2677 turns).

issech the Cudgeller (Troll Monk)                   Turns: 2677, Time: 00:08:59

Health: 0/61       AC:  5    Str: 20    XL:     6   Next: 93%
Magic:  5/5        EV: 11    Int:  6    God:
Gold:   71         SH:  0    Dex: 14    Spells: 5/5 levels left

rFire   . . .      SeeInvis +   n - +0 morningstar
rCold   . . .      Faith    .   (no shield)
rNeg    . . .      Spirit   .   b - +0 robe
rPois   +          Reflect  .   (helmet restricted)
rElec   .          Harm     .   l - +0 cloak
rCorr   .          Rampage  .   (gloves unavailable)
Will    .....                   (boots unavailable)
Stlth   ++........              (no amulet)
HPRegen 1.00/turn               s - ring of see invisible
MPRegen 0.09/turn               x - ring of poison resistance

@: no status effects
A: large, unfitting armour, claws 3, regeneration 1, shaggy fur 1, tough skin 1
a: no special abilities


You were on level 3 of the Dungeon.
You visited 1 branch of the dungeon, and saw 4 of its levels.

You collected 71 gold pieces.

Inventory:

Hand Weapons
 a - a +0 mace
 k - a +0 whip of venom
 n - a +0 morningstar (weapon)
 u - a +2 short sword of freezing
Missiles
 d - 109 stones
 h - 39 arrows
 r - 25 bolts
 v - 5 atropa-tipped darts
 y - 11 large rocks (quivered)
Armour
 b - a +0 robe (worn)
 l - a +0 cloak (worn)
 q - a +0 cloak
 t - an orb of wrath
Jewellery
 c - a ring of ice
 s - a ring of see invisible (left claw)
 x - a ring of poison resistance (right claw)
Scrolls
 e - a scroll of immolation
 g - a scroll of identify
 i - a scroll of magic mapping
 j - 2 scrolls of enchant weapon
 m - a scroll of blinking
Potions
 f - a potion of mutation {unknown}
 o - a potion of heal wounds {unknown}
 p - a potion of invisibility {unknown}
 w - a potion of attraction {unknown}


   Skills:
 + Level 3.6 Fighting
 + Level 5.5 Maces & Flails
 + Level 3.4 Dodging
 + Level 1.7 Stealth


You had 5 spell levels left.
You didn't know any spells.
Your spell library contained the following spells:

 Spells                   Type           Power      Damage    Failure   Level
 Animate Skeleton         Necr           0%         N/A       45%         1
 Pain                     Necr           0%         1d4       45%         1
 Blink                    Tloc           0%         N/A       58%         2
 Ensorcelled Hibernation  Hex/Ice        0%         N/A       58%         2
 Passwall                 Tmut/Erth      0%         N/A       58%         2
 Gell's Gravitas          Tloc           0%         N/A       83%         3
 Lesser Beckoning         Tloc           0%         N/A       83%         3
 Swiftness                Air            0%         N/A       83%         3
 Teleport Other           Tloc           0%         N/A       83%         3
 Vampiric Draining        Necr           0%         2d6       83%         3
 Manifold Assault         Tloc           0%         N/A       100%        5


Dungeon Overview and Level Annotations

Branches:
Dungeon (4/15)
 Temple: D:4-7

Altars:


Innate Abilities, Weirdness & Mutations

You are too large for most types of armour.
You have claws for hands.
Your natural rate of healing is unusually fast.
You are covered in fur. (AC +1)
You have tough skin. (AC +1)


Message History

You barely miss the black bear. The black bear bites you.
The black bear claws you but does no damage. x2
You hit the black bear.
The black bear is lightly wounded.
The black bear closely misses you.
The black bear claws you but does no damage. x2
You puncture the black bear! You claw the black bear!
The black bear is severely wounded.
The black bear goes berserk!
The black bear bites you!
The black bear claws you but does no damage.
The black bear closely misses you.
You hit the black bear.
The black bear is almost dead.
The black bear bites you!
The black bear claws you but does no damage.
The black bear claws you.
You closely miss the black bear.
The black bear is almost dead.
The black bear bites you!
* * * LOW HITPOINT WARNING * * *
The black bear misses you. The black bear closely misses you.
The black bear bites you.
* * * LOW HITPOINT WARNING * * *
The black bear closely misses you. The black bear barely misses you.
The black bear barely misses you. The black bear claws you.
* * * LOW HITPOINT WARNING * * *
The black bear claws you but does no damage.
The black bear completely misses you. The black bear claws you.
* * * LOW HITPOINT WARNING * * *
The black bear claws you but does no damage.
You hit the black bear.
The black bear is almost dead.
The black bear closely misses you.
The black bear claws you but does no damage.
The black bear claws you.
* * * LOW HITPOINT WARNING * * *
The black bear closely misses you.
The black bear claws you but does no damage.
The black bear claws you.
You die...

.....#............#
.....#............#
######............#
# #............#
####'#########
#.######### #####
#.#...†...#
....#####.#†#####h#
...[.......>##..@.#
....#.##..#.##.####
#####.#...#.##.#
#####.#..##.##.#
#.....#........#
......##.#######
......<..#.....#
.........#.....#
#........'.....#


You could see a black bear (berserk).

Vanquished Creatures
  The ghost of yahweh the Slasher, an amateur MiBe of Trog (D:3)
  A black bear (D:3)
  A jelly (D:3)
  A hound (D:3)
  2 orc priests (D:3)
  Natasha (twice) (D:2)
  Terence (D:2)
  An orc wizard (D:3)
  2 adders
  A worm (D:2)
  A dart slug (D:2)
  5 orcs (D:3)
  A bat (D:1)
  4 endoplasms
  3 giant cockroaches
  6 goblins
  A hobgoblin (D:3)
  4 jackals (D:1)
  4 quokkas
  5 ball pythons
  8 frilled lizards
  6 kobolds
  4 rats
65 creatures vanquished.

Notes
Turn   | Place    | Note
-------+----------+-------------------------------------------
     0 | D:1      | issech the Troll Monk began the quest for the Orb.
     0 | D:1      | Reached XP level 1. HP: 22/22 MP: 0/0
   289 | D:1      | Reached XP level 2. HP: 29/29 MP: 1/1
   526 | D:1      | Reached skill level 3 in Maces & Flails
   568 | D:1      | Found a faded altar of an unknown god.
   900 | D:2      | Noticed Natasha
   908 | D:2      | Killed Natasha
   909 | D:2      | Reached XP level 3. HP: 14/36 MP: 2/2
  1081 | D:2      | Noticed Terence
  1090 | D:2      | Killed Terence
  1091 | D:2      | Reached XP level 4. HP: 27/44 MP: 3/3
  1378 | D:2      | Noticed Natasha
  1386 | D:2      | Killed Natasha
  1662 | D:3      | Reached skill level 4 in Maces & Flails
  1665 | D:3      | Reached XP level 5. HP: 53/53 MP: 4/4
  2135 | D:3      | Reached XP level 6. HP: 41/61 MP: 5/5
  2269 | D:3      | Found a runed translucent gate.
  2269 | D:3      | Found a runed translucent gate.
  2269 | D:3      | Found a runed translucent gate.
  2278 | D:3      | Noticed yahweh's ghost (amateur MiBe)
  2473 | D:3      | Reached skill level 5 in Maces & Flails
  2589 | D:3      | Killed yahweh's ghost
  2677 | D:3      | Slain by a black bear

Illustrated notes

Levels and vault maps discovered:
D:1:      wander_arrival_chamber, layout_loops_corners,
          shapermc_ecumenical_altar_petra, chequers_serial_rivers_micro_d
D:2:      layout_basic, uniq_terence, uniq_natasha
D:3:      layout_basic, ebering_ghost_rock_garden
D:4:      minmay_opposing_rooms, layout_rooms, serial_park_tiny_2,
          kennysheep_flooded_box, uniq_eustachio

Skill      XL: |  1  2  3  4  5  6 |
---------------+-------------------+-----
Maces & Flails | 3 4 5 |  5.5
Dodging        | 3 |  3.4
Fighting       | 3 |  3.6
Stealth        | |  1.7

Action                   |  1- 3 |  4- 6 || total
-------------------------+-------+-------++-------
Melee: Mace              |    87 |       ||    87
       Punch             |     2 |     2 ||     4
       Morningstar       |       |   148 ||   148
  Use: Scroll            |       |     4 ||     4
 Stab: Sleeping          |     3 |     1 ||     4
       Distracted        |       |     1 ||     1
Armor: Robe              |    36 |    58 ||    94
Dodge: Dodged            |    45 |    99 ||   144
